 Dungeon Crawl Stone Soup version 0.28.0-1-gb440e238dd (webtiles) character file.

Game seed: 8475726308468484461

434 Ijustatesigmund the Shield-Bearer (level 7, -4/49 HPs)
             Began as an Octopode Fighter on Feb 24, 2022.
             Slain by a black bear (6 damage)
             ... on level 4 of the Dungeon.
             The game lasted 00:03:54 (4131 turns).

Ijustatesigmund the Shield-Bearer (OpFi)            Turns: 4131, Time: 00:03:55

Health: -4/49      AC:  1    Str: 16 (17) XL:     7   Next: 0%
Magic:  7/7        EV: 13    Int: 10 (11) God:
Gold:   341        SH:  6    Dex: 11      Spells: 6/6 levels left

rFire   + . .      SeeInvis .   a - +0 war axe
rCold   . . .      Faith    .   b - +1 buckler
rNeg    . . .      Spirit   .   (helmet restricted)
rPois   .          Reflect  .   (no amulet)
rElec   .          Harm     .   e - ring of protection from fire
rCorr   .          Rampage  .   (no ring)
Will    .....                   (no ring)
Stlth   ++........              (no ring)
HPRegen 0.16/turn               (no ring)
MPRegen 0.10/turn               (no ring)
                                (no ring)
                                (no ring)

@: no status effects
A: almost no armour, amphibious, 8 rings, camouflage 1, gelatinous body 1,
(nimble swimmer 1), tentacles
a: no special abilities


You were on level 4 of the Dungeon.
You visited 1 branch of the dungeon, and saw 4 of its levels.

You collected 341 gold pieces.

Inventory:

Hand Weapons
 a - a +0 war axe (weapon)
Armour
 b - a +1 buckler (worn)
Jewellery
 e - a ring of protection from fire (left tentacle)
Scrolls
 d - a scroll of enchant armour
Potions
 c - 2 potions of might
 f - a potion of heal wounds {unknown}
 h - a potion of curing


   Skills:
 + Level 4.5 Fighting
 + Level 3.9 Axes
 + Level 4.5 Dodging
 + Level 4.6 Shields


You had 6 spell levels left.
You didn't know any spells.
Your spell library contained the following spells:

 Spells                   Type           Power      Damage    Failure   Level
 Animate Skeleton         Necr           0%         N/A       43%         1
 Apportation              Tloc           0%         N/A       43%         1
 Summon Small Mammal      Summ           0%         N/A       43%         1


Dungeon Overview and Level Annotations

Branches:
Dungeon (4/15)
 Temple: D:4-7

Altars:


Innate Abilities, Weirdness & Mutations

You cannot wear most types of armour.
You are amphibious.
You can wear up to eight rings at the same time.
Your skin changes colour to match your surroundings (Stealth+).
Your rubbery body absorbs attacks. (AC +1, EV +1)
((You are camouflaged when in or above water. (Stealth+)))
You have tentacles for arms and can constrict up to eight enemies at once.


Message History

No target in view!
No target in view!
No target in view!
The black bear growls angrily.
The black bear misses you. The black bear claws you.
The black bear closely misses you.
A goblin comes into view. It is wielding a +0 club.
You closely miss the black bear. You grab the black bear.
You constrict the black bear. You block the black bear's attack.
The black bear claws you. x2; The black bear bites you!
The black bear claws you. The black bear barely misses you.
You hit the black bear. You squeeze the black bear!
The black bear is moderately wounded.
You constrict the black bear. The black bear bites you!
The black bear completely misses you. The black bear closely misses you.
You are too injured to fight recklessly!
You are too injured to fight recklessly!
You are too injured to fight recklessly!
You are too injured to fight recklessly!
You are too injured to fight recklessly!
You are too injured to fight recklessly!
You are too injured to fight recklessly!
You are too injured to fight recklessly!
You are too injured to fight recklessly!
You slash the black bear!
The black bear is almost dead.
You closely miss the goblin. You constrict the black bear.
The goblin closely misses you.
The black bear goes berserk!
You hit the black bear but do no damage.
The black bear is almost dead.
You hit the goblin.
You constrict the black bear, but do no damage.
The black bear bites you. The black bear claws you.
* * * LOW HITPOINT WARNING * * *
The black bear claws you.
* * * LOW HITPOINT WARNING * * *
You block the goblin's attack. The black bear bites you!
* * * LOW HITPOINT WARNING * * *
You block the black bear's attack. The black bear claws you.
You die...

#.......# ... #.......#
... #.......# ....
+.......##...# ..
#.......##...###..
#.................<.....
#......hg........ ......
#......@##..... .....
#.......##...# #...
........##...########...
#..................##...
#.......................
#.......##..............
##########..............
##
#........#.......÷......
.#
#........#........÷.....


You could see a black bear (berserk) and a goblin.

Vanquished Creatures
  Sigmund (D:2)
  2 hounds (D:4)
  Jessica (D:2)
  Terence (D:2)
  6 adders
  3 worms (D:2)
  4 dart slugs
  6 orcs (D:3)
  9 ball pythons
  11 endoplasms
  A giant cockroach (D:1)
  5 hobgoblins
  11 kobolds
  4 quokkas
  7 bats
  2 frilled lizards
  10 goblins
  5 rats
89 creatures vanquished.

Notes
Turn   | Place    | Note
-------+----------+-------------------------------------------
     0 | D:1      | Ijustatesigmund the Octopode Fighter began the quest for
                  | the Orb.
     0 | D:1      | Reached XP level 1. HP: 16/16 MP: 1/1
   372 | D:1      | Reached XP level 2. HP: 21/21 MP: 2/2
   863 | D:1      | Reached XP level 3. HP: 18/26 MP: 3/3
  1456 | D:2      | Noticed Sigmund
  1464 | D:2      | Killed Sigmund
  1465 | D:2      | Reached XP level 4. HP: 24/33 MP: 4/4
  1465 | D:2      | Reached XP level 5. HP: 27/37 MP: 5/5
  1661 | D:2      | Noticed Jessica
  1666 | D:2      | Killed Jessica
  1667 | D:2      | Reached XP level 6. HP: 43/43 MP: 6/6
  2355 | D:2      | Noticed Terence
  2364 | D:2      | Killed Terence
  2723 | D:3      | Found a faded altar of an unknown god.
  4002 | D:4      | Reached XP level 7. HP: 35/49 MP: 7/7
  4131 | D:4      | HP: 2/49 [black bear (8)]
  4131 | D:4      | Slain by a black bear

Illustrated notes

Levels and vault maps discovered:
D:1:      co_arrival_random_square_maze, layout_basic
D:2:      layout_basic, minmay_tromino_v7, uniq_sigmund, uniq_jessica,
          uniq_terence
D:3:      layout_rooms, nicolae_ecumenical_pavilion
D:4:      layout_gridville, palyth_stone_intersect

Skill      XL: |  1  2  3 |
---------------+----------+-----
Fighting       | 4 |  4.5
Axes           | 3 |  3.9
Dodging        | 4 |  4.5
Shields        | 4 |  4.6

Action                   |  1- 3 |  4- 6 |  7- 9 || total
-------------------------+-------+-------+-------++-------
Melee: War axe           |    56 |   117 |     4 ||   177
       Constrict         |    18 |    28 |     1 ||    47
       Tentacles         |     7 |    19 |     1 ||    27
       Punch             |     1 |     3 |       ||     4
  Use: Potion            |     1 |     3 |       ||     4
       Scroll            |       |     8 |       ||     8
 Stab: Sleeping          |     7 |     9 |       ||    16
Armor: Skin              |     4 |     5 |       ||     9
Dodge: Dodged            |    32 |    72 |     6 ||   110
Block: Buckler           |    13 |    30 |     3 ||    46
